Map: Catalyst LE

Players

LiquidSnute (Snute) - Winner!

  • Race: Zerg Zerg
  • League: Master
  • Spawn Location: 5:00

Bly

  • Race: Zerg Zerg
  • League: Grandmaster
  • Spawn Location: 11:00

Event: HomeStory Cup XVI

VOD

Have the link to the VOD?

Description

Time

  • Played on: Nov. 11, 2017, 7:20 a.m.
  • Length: 5:01

All games in this series

Show
View Real Time Build Order
Export as new Build Order

LiquidSnute Zerg - Winner!

Build Orders: Hatch First 

Get SALT Encoding   

  12  0:00  Drone  
  13  0:12  Overlord  
  13  0:17  Drone  
  14  0:30  Drone x2  
  14  0:34  Drone  
  17  0:52  Hatchery  
  17  0:54  Drone  
  17  0:57  Drone  
  17  0:59  Extractor  
  17  1:13  Spawning Pool  
  17  1:16  Drone  
  17  1:20  Drone  
  18  1:28  Drone  
  19  1:38  Overlord  
  19  1:59  Queen  
  19  2:00  Zergling x4  
  23  2:03  Queen  
  23  2:04  Zergling x2  
  26  2:11  Zergling x2  
  27  2:17  Zergling x2  
  28  2:29  Drone x2  
  26  2:33  Drone  
  25  2:43  Metabolic Boost  
  25  2:44  Drone  
  26  2:50  Drone x2  
  28  2:59  Drone x2  
  28  3:04  Drone  
  31  3:08  Drone  
  31  3:10  Drone  
  31  3:12  Overlord  
  33  3:14  Zergling x2  
  33  3:19  Zergling x2  
  35  3:26  Zergling x2  
  36  3:32  Baneling Nest, Zergling x2  
  36  3:33  Zergling x4  
  38  3:37  Zergling x2  
  38  3:39  Zergling x2  
  40  3:44  Zergling x2  
  40  3:45  Zergling x2  
  42  3:48  Overlord  
  42  3:51  Zergling x2  
  42  3:54  Zergling x2  
  44  4:08  Zergling x2  
  44  4:09  Zergling x6  
  48  4:18  Baneling  
  48  4:19  Baneling x2  
  48  4:24  Zergling x8  
  50  4:29  Overlord  
  49  4:31  Zergling x2  
  49  4:32  Zergling x2  
  50  4:43  Zergling x2  
Show
View Real Time Build Order
Export as new Build Order

Bly Zerg 

Build Orders: Pool First 

Get SALT Encoding   

  12  0:18  Spawning Pool  
  11  0:21  Drone  
  11  0:26  Drone  
  13  0:31  Drone  
  14  0:44  Overlord  
  14  1:05  Zergling x6  
  17  1:18  Zergling x2  
  17  1:20  Hatchery  
  17  1:27  Zergling x2  
  18  1:35  Queen  
  18  1:38  Zergling x2  
  21  1:48  Overlord  
  21  1:59  Drone  
  22  2:11  Drone  
  22  2:13  Queen  
  25  2:25  Drone  
  21  2:31  Drone  
  21  2:34  Drone  
  21  2:36  Queen  
  24  2:44  Drone x4  
  28  2:55  Overlord  
  28  3:01  Overlord  
  28  3:07  Drone x2  
  30  3:15  Extractor  
  30  3:16  Extractor  
  30  3:19  Drone x3  
  31  3:22  Drone x3  
  31  3:23  Drone  
  31  3:24  Drone  
  36  3:30  Drone x2  
  38  3:44  Drone  
  38  3:45  Drone  
  40  3:56  Overlord, Hatchery  
  40  4:02  Drone x5  
  44  4:15  Zergling x8  
  46  4:25  Zergling x6  
  30  4:31  Zergling x4  
  30  4:32  Zergling x2  
  29  4:40  Zergling x4  
Tags
 
Add a new tag
Caveats
  • Supply blocks, unpowered buildings, or Contaminate may cause inaccurate times.
  • Supply counts are checked every 10 seconds.